AoeStats
← tony le gros rou

African Clearing

505927301Analyzed
4v4 RM · 19d ago on Sep 11, 2026· 54m 52s· 8 players
Game mode
Random Map
Map size
Large (8 player)
Population
200
Speed
Normal
Resources
Standard
Victory
Conquest
Starting age
Dark Age
Ending age
Imperial Age
RankedLock teamsTeams togetherTeam positionsShared explorationLock speedFull tech treeHidden civsTurbo modeCheats
Victory
Defeat
🇨🇭 Huns · Switzerland
1439
+14
🇹🇷 Britons · Türkiye
1418
+15
🇨🇦 Berbers · Canada
1412
+16
🇲🇽 Franks · Mexico
1379
+17
🇫🇷 Mongols · France
1444
-17
🇫🇷 Maya · France
1425
-16
🇩🇪 Lithuanians · Germany
1388
-15
🇫🇷 Cumans · France
1358
-14
SkinnyPig
11:50 Loom
13:36 Feudal Age
12:55 Loom
18:56 Castle Age
17:38 Fletching
18:03 Double-Bit Axe
18:11 Horse Collar
26:03 Bodkin Arrow
28:14 Padded Archer Armor
29:24 Ballistics
35:57 Wheelbarrow
39:20 Imperial Age
39:06 Hand Cart
39:48 Leather Archer Armor
40:07 Bracer
41:05 Thumb Ring
41:29 Bloodlines
41:21 Husbandry
41:21 Gold Mining
41:22 Stone Mining
41:37 Kasbah
43:27 Chemistry
42:19 Heavy Camel Rider
44:10 Elite Camel Archer
45:48 Conscription
46:14 Ring Archer Armor
46:11 Maghrebi Camels
46:47 Hoardings
48:59 Forging
48:55 Scale Barding Armor
51:36 Light Cavalry
54:51 Iron Casting
54:37 Chain Barding Armor
Mauzic
9:33 Loom
11:53 Feudal Age
15:09 Forging
15:13 Scale Mail Armor
19:41 Wheelbarrow
23:31 Castle Age
21:33 Double-Bit Axe
23:07 Scale Barding Armor
23:14 Gold Mining
24:23 Husbandry
29:15 Hand Cart
29:20 Bow Saw
30:05 Chain Barding Armor
35:39 Imperial Age
34:07 Iron Casting
35:07 Gold Shaft Mining
36:14 Chain Mail Armor
37:12 Plate Barding Armor
36:21 Cavalier
38:27 Stone Mining
39:23 Devotion
40:46 Blast Furnace
41:08 Paladin
44:19 Plate Mail Armor
46:00 Ballistics
45:52 Masonry
45:16 Light Cavalry
47:23 Siege Engineers
49:25 Conscription
49:05 Chivalry
49:46 Plate Mail Armor
51:10 Faith
52:50 Fletching
53:32 Architecture
54:03 Chemistry
54:21 Hoardings
53:07 Elite Throwing Axeman
53:44 Bodkin Arrow
53:50 Padded Archer Armor
53:49 Murder Holes
robtherobot
11:53 Loom
14:42 Feudal Age
15:45 Double-Bit Axe
18:19 Castle Age
16:21 Gold Mining
17:02 Fletching
17:03 Horse Collar
19:11 Bodkin Arrow
19:32 Bow Saw
24:39 Ballistics
27:11 Padded Archer Armor
27:23 Bloodlines
34:39 Wheelbarrow
34:16 Stone Mining
35:45 Thumb Ring
36:17 Leather Archer Armor
36:58 Husbandry
47:12 Wheelbarrow
55:26 Imperial Age
53:15 Heavy Plow
insomnia
3:03 Loom
5:22 Loom
14:27 Feudal Age
16:06 Double-Bit Axe
20:11 Castle Age
18:59 Fletching
19:05 Stone Mining
20:28 Gold Mining
21:53 Crossbowman
23:15 Horse Collar
24:15 Padded Archer Armor
24:13 Pikeman
27:09 Squires
30:18 Wheelbarrow
36:09 Bow Saw
38:22 Hand Cart
47:04 Ballistics
47:29 Gold Shaft Mining
49:51 Imperial Age
49:04 Yeomen
49:11 Yeomen
50:24 Bodkin Arrow
51:52 Chemistry
50:16 Elite Longbowman
51:17 Conscription
52:21 Bracer
52:36 Leather Archer Armor
Tonymontana
5:07 Loom
13:08 Feudal Age
16:10 Double-Bit Axe
18:04 Horse Collar
23:40 Castle Age
23:17 Gold Mining
24:37 Bloodlines
28:27 Scale Barding Armor
35:54 Gold Shaft Mining
36:06 Wheelbarrow
36:12 Bow Saw
37:58 Chain Barding Armor
37:48 Forging
40:33 Hand Cart
40:04 Town Watch
43:26 Imperial Age
41:31 Heavy Plow
41:18 Town Watch
43:45 Iron Casting
43:39 Elite Steppe Lancer
44:57 Plate Barding Armor
46:21 Two-Man Saw
45:53 Crop Rotation
46:35 Blast Furnace
45:25 Fletching
46:27 Conscription
48:04 Town Patrol
ccereal
2:52 Loom
12:38 Feudal Age
15:20 Double-Bit Axe
17:37 Castle Age
16:08 Gold Mining
17:24 Fletching
18:51 Bow Saw
21:04 Bodkin Arrow
21:31 Padded Archer Armor
25:28 Stone Mining
28:37 Ballistics
32:42 Horse Collar
36:14 Leather Archer Armor
38:04 Wheelbarrow
38:39 Murder Holes
tony le gros rou
7:50 Loom
13:14 Feudal Age
17:23 Castle Age
25:45 Double-Bit Axe
26:55 Fletching
29:00 Bodkin Arrow
29:49 Padded Archer Armor
37:08 Leather Archer Armor
40:56 Imperial Age
38:40 Gold Mining
40:04 Wheelbarrow
41:53 Bracer
44:35 Chemistry
43:55 Ballistics
44:00 Conscription
45:56 Bow Saw
46:23 Husbandry
46:34 Bloodlines
48:33 Parthian Tactics
48:15 Thumb Ring
49:46 Elite Skirmisher
p0n0n0
8:38 Loom
9:36 Loom
11:48 Feudal Age
13:51 Loom
13:58 Double-Bit Axe
17:08 Fletching
18:34 Wheelbarrow
22:05 Castle Age
32:23 Scale Barding Armor
32:29 Forging
37:18 Chain Barding Armor
39:19 Iron Casting
43:29 Imperial Age
44:47 Husbandry
44:58 Bloodlines
44:52 Husbandry
45:05 Town Watch
45:35 Hand Cart
45:53 Conscription
45:42 Horse Collar
46:18 Bow Saw
48:10 Plate Barding Armor
49:18 Padded Archer Armor
49:14 Bodkin Arrow
49:14 Elite Skirmisher
50:30 Leather Archer Armor
50:35 Elite Leitis
52:49 Ring Archer Armor
52:20 Bracer
52:51 Ring Archer Armor
52:22 Bracer
52:39 Bracer
Connection lost

Rejoining the realm…

Still unreachable

The connection could not be restored.

Session expired

The server has moved on; the page needs a fresh start.